 Dungeon Crawl Stone Soup version 0.25.1-4-g9407a263a5 (webtiles) character file.

Game seed: 11972530550035234540

17843 DearestLeader the Cleaver (level 12, -2/159 HPs)
             Began as a Minotaur Berserker on Nov 22, 2020.
             Was a High Priest of Trog.
             Slain by a spiny frog (10 damage)
             ... on level 3 of the Lair of Beasts on Nov 28, 2020.
             The game lasted 00:28:28 (14356 turns).

DearestLeader the Cleaver (Minotaur Berserker)     Turns: 14356, Time: 00:28:28

Health: -2/159     AC: 20    Str: 26    XL:     12   Next: 22%
Magic:  11/11      EV: 10    Int:  4    God:    Trog [*****.]
Gold:   162        SH:  4    Dex: 11    Spells: 11/11 levels left

rFire    . . .     SeeInvis .   M - +1 demon blade (venom)
rCold    + . .     Gourm    .   f - +0 buckler
rNeg     . . .     Faith    .   l - +0 plate armour
rPois    .         Spirit   .   (helmet restricted)
rElec    .         Reflect  .   C - +0 cloak
rCorr    .         Harm     .   b - +0 pair of gloves
MR       .....                  O - +0 pair of boots
Stlth    ..........             (no amulet)
HPRegen  0.36/turn              V - ring of protection from cold
MPRegen  0.12/turn              (no ring)

@: berserking, lethally poisoned (-2 -> -21), very quick
A: retaliatory headbutt, horns 2
a: Berserk, Trog's Hand, Brothers in Arms, Renounce Religion


You were on level 3 of the Lair of Beasts.
You worshipped Trog.
Trog was extremely pleased with you.
You were very hungry.

You visited 2 branches of the dungeon, and saw 13 of its levels.

You collected 798 gold pieces.
You spent 636 gold pieces at shops.

Inventory:

Hand Weapons
 H - a +0 shortbow
 M - a +1 demon blade of venom (weapon)
 N - a +0 war axe of flaming
 R - the +3 dire flail of Ange {elec, *Noise Int+7}
   (You took it off a two-headed ogre on level 6 of the Dungeon)

   Occasionally, upon striking a foe, it will discharge some electrical energy
   and cause terrible harm.
   It affects your intelligence (+7).
   It may make noises in combat.
 S - the +5 great mace of the Sun {holy, +Rage rElec Int+3}
   (You took it off a two-headed ogre on level 6 of the Dungeon)

   It has been blessed by the Shining One to cause great damage to the undead
   and demons.
   It affects your intelligence (+3).
   It insulates you from electricity.
   It lets you go berserk.
Missiles
 t - 190 arrows
Armour
 b - a +0 pair of gloves (worn)
 f - a +0 buckler (worn)
 l - a +0 plate armour (worn)
 C - a +0 cloak (worn)
 O - a +0 pair of boots (worn)
Jewellery
 P - an uncursed amulet of magic regeneration
 U - an uncursed ring of wizardry {unknown}
 V - a ring of protection from cold (left hand)
Wands
 h - a wand of random effects (14)
 w - a wand of paralysis (10)
 A - a wand of polymorph (20)
 B - a wand of digging (4)
 Q - a wand of iceblast (9)
 T - a wand of enslavement (12)
Scrolls
 a - 5 scrolls of amnesia
 d - 2 scrolls of identify
 g - 2 scrolls of immolation
 j - 4 scrolls of enchant weapon
 k - 4 scrolls of enchant armour
 o - a scroll of fear {unknown}
 r - 3 scrolls of magic mapping
 s - 4 scrolls of teleportation
 u - a scroll of blinking {unknown}
 x - 2 scrolls of fog {unknown}
 y - a scroll of random uselessness {unknown}
 E - 5 scrolls of remove curse
 I - a scroll of summoning {unknown}
 J - a scroll of silence {unknown}
 K - a scroll of vulnerability {unknown}
Potions
 e - 3 potions of heal wounds
 i - 2 potions of berserk rage {unknown}
 m - 5 potions of curing
 n - 2 potions of might
 p - 4 potions of flight
 q - 2 potions of haste
 v - a potion of cancellation {unknown}
 z - 3 potions of lignification {unknown}
 D - a potion of ambrosia {unknown}
 F - 2 potions of brilliance {unknown}
 G - 2 potions of magic {unknown}
Comestibles
 c - 27 rations
 L - 8 chunks of flesh


   Skills:
 - Level 10.0 Fighting
 * Level 8.6 Long Blades
 - Level 13.1(13.5) Axes
 + Level 5.5(10.3) Maces & Flails
 - Level 5.2 Bows
 + Level 12.0 Armour
 + Level 5.2 Dodging
 - Level 4.0 Shields


You had 11 spell levels left.
You didn't know any spells.
Your spell library was empty.

Dungeon Overview and Level Annotations

Branches:
Dungeon (10/15)            Temple (0/1) D:4            Lair (3/6) D:8
  Snake (0/4) Lair:3
  Swamp: Lair:2-4    Shoals: Lair:2-4       Orc: D:9-12

Altars:
Cheibriados
Kikubaaqudgha
Makhleb
Okawaru
Qazlal
Ru
Sif Muna
Trog
Uskayaw
Yredelemnul

Shops:
D:7 *   D:9 (   D:10 (

Annotations:
D:10 1 runed translucent door, Thomus's ghost, novice HOFi


Innate Abilities, Weirdness & Mutations

You reflexively headbutt those who attack you in melee.
You have a pair of horns on your head.


Message History

The wyvern bites you but does no damage.
You slash the wyvern!
The wyvern looks as sick as possible!
Your headbutt misses the wyvern.
The wyvern is almost dead.
You feel sick.
The wyvern bites you but does no damage.
The spiny frog barely misses you.
You riposte.
You slice the spiny frog!!
The spiny frog looks as sick as possible!
The spiny frog is severely wounded.
You barely miss the wyvern.
The wyvern is almost dead.
You kill the wyvern!
Trog accepts your kill. The spiny frog stings you.
* * * LOW HITPOINT WARNING * * *
You are lethally poisoned!
The spiny frog poisons you! You block the naga's attack.
* * * LOW HITPOINT WARNING * * *
You feel sick. The spiny frog stings you!
You die...

#.........## ##
##........#
#..P.....##
###PP#.##.#
#......##
##.#.#.+##
#........##
#.........## #.
#.....@F...# ...
#......N.### ...#
#.......(# .....
#........##......
#....!...))......
#.........)....>..
##....(...#.......
#........##......
####.....# ......


You could see a spiny frog (extremely poisoned) and a naga.

Vanquished Creatures
  2 hydras
  Erica (Lair:2)
  2 two-headed ogres
  Urug (Lair:2)
  An ugly thing (D:7)
  2 black mambas (Lair:1)
  5 spiny frogs
  2 komodo dragons (Lair:1)
  3 meliai (D:8)
  A hornet (D:9)
  Grinder (D:3)
  2 hippogriffs
  A spriggan (D:7)
  A vampire (D:9)
  2 wyverns
  15 yaks
  A basilisk (Lair:1)
  The ghost of denis1488 the Insei, an amateur OpTm (D:6)
  2 nagas (Lair:3)
  Menkaure (D:6)
  3 water moccasins
  A porcupine (Lair:1)
  4 orc warriors
  2 sky beasts
  3 ice beasts
  A black bear (D:9)
  A phantom (D:8)
  6 ogres
  4 centaurs
  4 crocodiles
  4 big kobolds
  14 bullfrogs
  A scorpion (D:8)
  4 wights (D:7)
  4 howler monkeys
  4 crimson imps
  A bullfrog zombie (D:10)
  A centaur zombie (D:6)
  14 orc priests
  6 hounds
  2 jellies
  Crazy Yiuf (D:3)
  3 centaur skeletons
  3 bullfrog skeletons
  2 iguanas
  19 orc wizards
  8 worker ants
  A hound zombie (D:8)
  8 adders
  3 gnolls (D:8)
  3 shadow imps
  2 adder skeletons
  4 worms
  5 dart slugs
  6 leopard geckos
  44 orcs
  12 bats
  8 giant cockroaches
  2 gnoll zombies (D:2)
  8 goblins
  5 hobgoblins
  12 jackals
  A quokka (D:3)
  4 ball pythons
  A ball python zombie (D:5)
  6 frilled lizards
  A jackal zombie (D:5)
  25 kobolds
  2 leopard gecko skeletons
  A quokka zombie (D:5)
  8 rats
  3 fungi (D:8)
342 creatures vanquished.

Vanquished Creatures (others)
  A human (D:5)
  5 fungi (Lair:1)
  5 plants (Lair:1)
11 creatures vanquished.

Grand Total: 353 creatures vanquished

Notes
Turn   | Place    | Note
-------+----------+-------------------------------------------
     0 | D:1      | DearestLeader the Minotaur Berserker began the quest for
                  | the Orb.
     0 | D:1      | Reached XP level 1. HP: 19/19 MP: 0/0
    88 | D:1      | Reached skill level 4 in Axes
   224 | D:1      | Reached XP level 2. HP: 26/26 MP: 1/1
   395 | D:1      | Reached skill level 1 in Shields
   797 | D:2      | Reached XP level 3. HP: 27/31 MP: 2/2
   846 | D:2      | Reached ** piety under Trog
   935 | D:2      | Found a faded altar of an unknown god.
  1222 | D:2      | Found a basalt altar of Yredelemnul.
  1462 | D:2      | Found a stormy altar of Qazlal.
  1462 | D:2      | Noticed an earth elemental
  1464 | D:2      | Noticed an air elemental
  1464 | D:2      | Noticed a water elemental
  1464 | D:2      | Noticed a fire elemental
  1580 | D:2      | Reached XP level 4. HP: 39/39 MP: 3/3
  1652 | D:2      | Found a burning altar of Makhleb.
  1784 | D:2      | Found a shimmering blue altar of Sif Muna.
  2225 | D:3      | Reached *** piety under Trog
  2229 | D:3      | Reached skill level 5 in Axes
  2229 | D:3      | Reached XP level 5. HP: 45/45 MP: 4/4
  2821 | D:3      | Found a runed translucent door.
  2827 | D:3      | Noticed Crazy Yiuf
  3067 | D:3      | Noticed Grinder
  3075 | D:3      | Killed Grinder
  3075 | D:3      | Reached skill level 6 in Axes
  3075 | D:3      | Reached skill level 5 in Armour
  3075 | D:3      | Reached XP level 6. HP: 51/51 MP: 5/5
  3221 | D:3      | Found an iron altar of Okawaru.
  3462 | D:3      | Killed Crazy Yiuf
  3647 | D:4      | Reached XP level 7. HP: 56/58 MP: 6/6
  3692 | D:4      | Noticed a +0 hand axe
  3692 | D:4      | Noticed a -3 dagger
  3693 | D:4      | Found a hide-covered altar of Uskayaw.
  3813 | D:4      | Found a staircase to the Ecumenical Temple.
  4001 | D:4      | Reached **** piety under Trog
  4020 | D:4      | Reached skill level 7 in Axes
  4341 | D:5      | Entered Level 5 of the Dungeon
  4406 | D:5      | Reached skill level 5 in Fighting
  4608 | D:5      | Found an ancient bone altar of Kikubaaqudgha.
  4611 | D:5      | Noticed a human
  4613 | D:5      | Killed a human
  5131 | D:6      | Reached XP level 8. HP: 49/69 MP: 7/7
  5258 | D:6      | Noticed Menkaure
  5265 | D:6      | Killed Menkaure
  5265 | D:6      | Reached skill level 8 in Axes
  5446 | D:6      | Found a transporter.
  5449 | D:6      | Noticed denis1488's ghost (amateur OpTm)
  5450 | D:6      | Identified the +5 great mace of the Sun {holy, +Rage rElec
                  | Int+3}
  5450 | D:6      | Identified the +3 dire flail of Ange {elec, *Noise Int+7}
  5450 | D:6      | Noticed a two-headed ogre
  5451 | D:6      | Found a transporter.
  6053 | D:7      | Found Weexeud's Assorted Antiques.
  6112 | D:7      | Bought a potion of heal wounds for 120 gold pieces
  6112 | D:7      | Bought a potion of curing for 72 gold pieces
  6112 | D:7      | Bought a scroll labeled YCROWK ORHAF for 24 gold pieces
  6112 | D:7      | Bought a scroll labeled HAR AGINADIAK for 24 gold pieces
  6154 | D:7      | Reached skill level 9 in Axes
  6376 | D:7      | Reached skill level 1 in Bows
  6448 | D:7      | Noticed a white ugly thing
  6458 | D:7      | Killed a white ugly thing
  6458 | D:7      | Reached XP level 9. HP: 56/79 MP: 8/8
  6510 | D:7      | Reached skill level 10 in Axes
  6581 | D:7      | Reached ***** piety under Trog
  7397 | D:8      | Reached skill level 11 in Axes
  7562 | D:8      | Reached XP level 10. HP: 62/89 MP: 9/9
  7579 | D:8      | Found a sacrificial altar of Ru.
  8193 | D:8      | Reached skill level 5 in Bows
  8520 | D:8      | Found a staircase to the Lair.
  8615 | D:8      | Reached skill level 12 in Axes
  8863 | D:9      | Found a snail-covered altar of Cheibriados.
  8951 | D:9      | Noticed a two-headed ogre
  8972 | D:9      | Killed a two-headed ogre
  8972 | D:9      | Reached skill level 10 in Armour
  9135 | D:9      | Found Loqecaom's Antique Weapon Emporium.
  9246 | D:9      | Found a bloodstained altar of Trog.
  9393 | D:9      | Paralysed by a hornet for 3 turns
  9631 | D:10     | Entered Level 10 of the Dungeon
  9698 | D:10     | Noticed Thomus's ghost (novice HOFi)
  9704 | D:10     | Found Yzuat's Antique Weapon Emporium.
  9712 | D:10     | Reached skill level 13 in Axes
  9843 | D:10     | Reached XP level 11. HP: 81/99 MP: 10/10
 10185 | D:10     | Found a runed translucent door.
 10543 | D:10     | Bought a runed demon blade for 396 gold pieces
 10774 | D:6      | Killed denis1488's ghost
 10774 | D:6      | Reached skill level 1 in Long Blades
 10777 | D:6      | Killed a two-headed ogre
 10777 | D:6      | Reached skill level 10 in Fighting
 10921 | Lair:1   | Entered Level 1 of the Lair of Beasts
 11085 | Lair:1   | Reached skill level 1 in Maces & Flails
 11562 | Lair:1   | Reached skill level 5 in Long Blades
 12140 | Lair:1   | Noticed a six-headed hydra
 12151 | Lair:1   | Killed a one-headed hydra
 13093 | Lair:2   | Noticed Erica
 13109 | Lair:2   | Killed Erica
 13133 | Lair:2   | Upgraded the game from 0.25.1-3-ge44b62a0b3 to
                  | 0.25.1-4-g9407a263a5
 13341 | Lair:2   | Noticed Urug
 13351 | Lair:2   | Killed Urug
 13575 | Lair:2   | Received a gift from Trog
 13656 | Lair:2   | Reached XP level 12. HP: 83/106 MP: 11/11
 14061 | Lair:3   | Reached skill level 5 in Maces & Flails
 14156 | Lair:3   | Noticed a four-headed hydra
 14167 | Lair:3   | Killed a one-headed hydra
 14167 | Lair:3   | Reached skill level 5 in Dodging
 14333 | Lair:3   | Found a staircase to the Snake Pit.
 14356 | Lair:3   | Slain by a spiny frog

Illustrated notes

Levels and vault maps discovered:
D:1:      saegor_arrival_simple_b, layout_loops_ring, serial_bayou_pond_c,
          hangedman_abyss_or_decor_stabs
D:2:      minmay_razor_zed, layout_loops_ring, led_sif_pool,
          nicolae_qazlal_style_of_elements, lemuel_zombie_altar_yredelemnul,
          chequers_ecumenical_altar_simple, first_ration,
          makhleb_blood_cavern_becter
D:3:      layout_basic, kennysheep_okawaru_gauntlet, uniq_grinder,
          uniq_crazy_yiuf_cottage
D:4:      layout_loops_ring, dancing_weapons_uskayaw, minmay_temple_entry_wispy
D:5:      layout_gridville, tgw_kikubaaqudgha
D:6:      layout_loops_ring, gammafunk_ghost_smash, uniq_menkaure
D:7:      layout_cave_pools, serial_shops, nicolae_shop_statue_plus,
          minmay_misc_feat_ornament, the_bakery, grunt_potential
D:8:      layout_cave_pools, nicolae_overflow_hidden_temple,
          grunt_lair_entry_orc_guard_hut
D:9:      layout_roguey, old_standard_altar, serial_shops, shop, trog_book
D:10:     layout_basic, hellmonk_ghost_happy_afterlife, serial_shops,
          nicolae_shop_trees
Lair:1:   layout_concentric_octagons
Lair:2:   layout_hall_layers, minivault_11, infiniplex_staircase_pool,
          uniq_urug, uniq_erica
Lair:3:   layout_roguey, minmay_shoals_entry_centaurs,
          minmay_snake_entry_guardpost_small

Skill      XL: |  1  2  3  4  5  6  7  8  9 10 11 12 |
---------------+-------------------------------------+-----
Axes           | 4 5 6 7 9 11 13 | 13.1
Shields        | 1 2 3 4 |  4.0
Armour         | 3 5 6 8 9 10 11 12 | 12.0
Fighting       | 5 7 8 9 10 | 10.0
Bows           | 2 4 5 |  5.2
Long Blades    | 7 8 |  8.6
Maces & Flails | 4 5 |  5.5
Dodging        | 4 5 |  5.2

Action                   |  1- 3 |  4- 6 |  7- 9 | 10-12 || total
-------------------------+-------+-------+-------+-------++-------
Melee: Hand axe          |   124 |   113 |       |       ||   237
       Headbutt          |    11 |    22 |    54 |    93 ||   180
       Trident           |       |     6 |       |       ||     6
       War axe           |       |       |   253 |   192 ||   445
       Broad axe         |       |       |    51 |    33 ||    84
       Demon blade       |       |       |       |   162 ||   162
Invok: Berserk           |       |     3 |     5 |     7 ||    15
       Trog's Hand       |       |     1 |     1 |     3 ||     5
  Use: Scroll            |       |     3 |     1 |     7 ||    11
       Potion            |       |       |       |     4 ||     4
  Eat: Chunk             |     2 |    10 |    13 |    19 ||    44
       Ration            |       |       |     1 |     3 ||     4
Armor: Animal skin       |    12 |       |       |       ||    12
       Ring mail         |     1 |       |       |       ||     1
       Plate armour      |    87 |    80 |   211 |   269 ||   647
Dodge: Dodged            |    61 |    52 |   106 |   161 ||   380
Block: Buckler           |       |    13 |    54 |    65 ||   132
       Rpst.: Demon blade |       |       |       |    27 ||    27
